 Dungeon Crawl Stone Soup version 0.31-a0-692-gf03d1854d5 (webtiles) character file.

Game seed: 6004207951148969875

88 qw the Shooter (level 4, -3/28 HPs)
             Began as a Gargoyle Hunter on Sept 6, 2023.
             Killed by divine providence
             ... invoked by an orc priest
              (14 damage)
             ... on level 3 of the Dungeon.
             The game lasted 00:00:29 (1559 turns).

qw the Shooter (Gargoyle Hunter)                    Turns: 1559, Time: 00:00:30

Health: -3/28      AC:  9    Str: 15    XL:     4   Next: 53%
Magic:  4/4        EV: 11    Int:  9    God:
Gold:   121        SH:  0    Dex: 15    Spells: 3/3 levels left

rFire   . . .        Y - +0 shortbow
rCold   . . .        (shield currently unavailable)
rNeg    + . .        a - +0 ring mail
rPois   inf          (no helmet)
rElec   +            d - +0 cloak
rCorr   .            (no gloves)
SInv    .            (no boots)
Will    .....        (no amulet)
Stlth   +            e - +4 ring of slaying {mikee}
HPRegen 0.24/turn    (no ring)
MPRegen 0.09/turn

%: no passive effects
@: no status effects
A: sickness immunity, AC +3, negative energy resistance 1, electricity
resistance, torment resistance 1, petrification resistance
a: no special abilities


You were on level 3 of the Dungeon.
You visited 1 branch of the dungeon, and saw 3 of its levels.

You collected 121 gold pieces.


Innate Abilities, Weirdness & Mutations

You are immune to sickness and miasma.
Your stone body is resilient. (AC +3)
You are immune to poison.
You resist negative energy. (rN+)
You are resistant to electric shocks. (rElec)
You are resistant to unholy torment.
You are immune to petrification.


   Skills:
 - Level 3.0 Fighting
 - Level 5.4 Ranged Weapons
 + Level 0.4 Armour
 - Level 1.5 Dodging
 - Level 1.1 Stealth


You had 3 spell levels left.
You didn't know any spells.
Your spell library was empty.

Inventory:

Hand Weapons
 Y - a +0 shortbow (weapon)
Armour
 a - a +0 ring mail (worn)
 d - a +0 cloak (worn)
Jewellery
 e - a +4 ring of slaying (left hand) {mikee}
Potions
 b - a potion of degeneration {unknown}
 g - a potion of magic {unknown}
 h - a potion of haste {unknown}
 i - a potion of enlightenment {unknown}
 j - a potion of attraction {unknown}

Dungeon Overview and Level Annotations

Branches:
Dungeon (3/15)

Altars:

Annotations:
D:3 Jessica


Message History

The arrow closely misses the frilled lizard.
An orc priest comes into view. It is wielding a +0 dagger.
You shoot an arrow.
The arrow barely misses the frilled lizard.
A frilled lizard comes into view.
An orc comes into view. It is wielding a +0 trident.
The orc moves out of view.
You shoot an arrow. The arrow misses the frilled lizard.
The frilled lizard hisses angrily.
You hear a shout! x3
You shoot an arrow. The arrow hits the frilled lizard.
You kill the frilled lizard!
1553 ||| Stepping ~*~*~tactically~*~*~ (outnumbered).
You shoot an arrow. The arrow hits the orc!
You kill the orc!
Jessica the Apprentice Sorceress comes into view.
She is wielding a +0 club.
A kobold comes into view. It is wielding a +0 whip.
You shoot an arrow. The arrow hits the orc priest.
The orc priest is lightly wounded.
The orc priest mumbles some strange prayers to Beogh against you.
Pain shoots through your body!
You shoot an arrow. The arrow hits the orc priest!
The orc priest is severely wounded.
Jessica mumbles some strange words.
Jessica blinks!
The orc priest invokes the aid of Beogh against you.
Pain shoots through your body!
The orc priest invokes the aid of Beogh against you.
Pain shoots through your body! The frilled lizard barely misses you.
You shoot an arrow.
The arrow closely misses the orc priest.
The kobold closely misses you.
The orc priest hits you but does no damage.
The frilled lizard bites you but does no damage.
You shoot an arrow.
The arrow completely misses the orc priest.
The orc priest mumbles some strange prayers to Beogh against you.
Beogh smites you!
Ouch! That really hurt!
You die...

. .... .#.....#
........ #..#@#ยค#
#..#.#.# #..#.#.# .#
### #..#.#.##..##
##.####..#.#l......
##..........@o)....#
#...####..#..K...#.#
#...####..###..#.#
#....<.............
#.#######.######.# #
#. #.# .# #. #.# #
#. #.#


You could see an orc priest, Jessica, a kobold and a frilled lizard.

Vanquished Creatures
  4 gnolls (D:2)
  A dart slug (D:1)
  2 orcs (D:3)
  A ball python (D:2)
  An endoplasm (D:1)
  A giant cockroach (D:1)
  6 goblins
  3 hobgoblins
  4 jackals (D:2)
  4 quokkas
  6 bats
  3 frilled lizards
  2 kobolds (D:1)
  5 rats
43 creatures vanquished.

Notes
Turn   | Place    | Note
-------+----------+-------------------------------------------
     0 | D:1      | qw the Gargoyle Hunter began the quest for the Orb.
     0 | D:1      | Reached XP level 1. HP: 12/12 MP: 1/1
     0 | D:1      | 0 ||| qw: Version: 0.3-a-76-g4403597
     0 | D:1      | 0 ||| qw: Game counter: 252
     0 | D:1      | 0 ||| qw: Melee chars always use a shield: true
     0 | D:1      | 0 ||| qw: God list: Okawaru
     0 | D:1      | 0 ||| qw: Allow faded altars: false
     0 | D:1      | 0 ||| qw: Do Orc after clearing Dungeon:15 true
     0 | D:1      | 0 ||| qw: Do second Lair branch before Depths: true
     0 | D:1      | 0 ||| qw: Lair rune preference: random
     0 | D:1      | 0 ||| qw: Goals: Normal
     0 | D:1      | 0 ||| PLANNING D:1-11
   147 | D:1      | Reached XP level 2. HP: 17/17 MP: 2/2
   628 | D:1      | Found a faded altar of an unknown god.
   713 | D:1      | 713 ||| UPGRADING to +0 cloak.
   718 | D:1      | 718 ||| UPGRADING to +4 ring of slaying {mikee}.
   719 | D:1      | 719 ||| READING scroll labelled RUEDYWKEUL.
   722 | D:1      | 722 ||| DROPPING scroll of butterflies.
   765 | D:2      | Reached XP level 3. HP: 21/21 MP: 3/3
   769 | D:2      | Reached skill level 5 in Ranged Weapons
  1236 | D:2      | 1236 ||| Stepping ~*~*~tactically~*~*~ (retreating).
  1238 | D:2      | Reached skill level 3 in Fighting
  1244 | D:2      | Reached XP level 4. HP: 19/28 MP: 4/4
  1246 | D:2      | HP: 7/28 [gnoll/+0 spear (4)]
  1248 | D:2      | HP: 2/28 [gnoll/+0 spear (5)]
  1505 | D:2      | 1505 ||| UPGRADING to +0 ring mail.
  1515 | D:2      | 1515 ||| DROPPING +0 leather armour.
  1516 | D:2      | 1516 ||| READING scroll labelled CIENEN UNUBEB.
  1553 | D:3      | 1553 ||| Stepping ~*~*~tactically~*~*~ (outnumbered).
  1555 | D:3      | Noticed Jessica
  1559 | D:3      | Killed from afar by an orc priest

Levels and vault maps discovered:
D:1:      grunt_arrival_crossed_arrows, layout_loops_ring,
          hellmonk_ecumenical_altar_leap_of_faith
D:2:      layout_loops_ring
D:3:      minmay_inner_zag, layout_loops_ring, uniq_sigmund, uniq_robin,
          uniq_jessica

Skill      XL: |  1  2  3 |
---------------+----------+-----
Ranged Weapons | 5 |  5.4
Fighting       | 3 |  3.0
Armour         | |  0.4
Dodging        | |  1.5
Stealth        | |  1.1

Action                     |  1- 3 |  4- 6 || total
---------------------------+-------+-------++-------
   Fire: Shortbow          |    96 |    20 ||   116
    Use: Scroll            |     1 |     1 ||     2
 Armour: Leather armour    |    29 |     5 ||    34
         Ring mail         |       |     2 ||     2
  Dodge: Dodged            |    31 |     5 ||    36

Table legend:
 A = Non-vault XP
 B = Vault XP
 C = Vault XP percentage of total XP
 D = Non-vault monster count
 E = Vault monster count
 F = Vault count percentage of total count
                 A         B        C        D         E       F
            +---------+---------+-------+---------+---------+-------
      Total |     126 |       0 |   0.0 |      43 |       0 |   0.0
            +---------+---------+-------+---------+---------+-------
        D:1 |      31 |       0 |   0.0 |      18 |       0 |   0.0
        D:2 |      87 |       0 |   0.0 |      21 |       0 |   0.0
        D:3 |       8 |       0 |   0.0 |       4 |       0 |   0.0
            +---------+---------+-------+---------+---------+-------
